 Dungeon Crawl Stone Soup version 0.18.1-50-g88ac8fd (webtiles) character file.

240 magog001 the Shield-Bearer (level 5, 0/47 HPs)
             Began as a Minotaur Fighter on June 3, 2017.
             Slain by xeratul's ghost (11 damage)
             ... on level 3 of the Dungeon.
             The game lasted 00:21:56 (3698 turns).

magog001 the Shield-Bearer (Minotaur Fighter)       Turns: 3698, Time: 00:21:57

Health: 0/47       AC:  7    Str: 22    XL:     5   Next: 79%
Magic:  4/4        EV:  8    Int: 10    God:
Gold:   119        SH: 10    Dex:  9    Spells: 0 memorised, 4 levels left

rFire  . . .     SeeInvis .     a - +0 war axe
rCold  . . .     Gourm    .     b - +0 scale mail
rNeg   . . .     Faith    .     c - +0 shield
rPois  .         Spirit   .     (helmet restricted)
rElec  .         Dismiss  .     (no cloak)
rCorr  .         Reflect  .     (no gloves)
SustAt .         Harm     .     (no boots)
MR     .....                    (no amulet)
Stlth  ..........               (no ring)
                                (no ring)

@: brilliant, not resistant to hostile enchantments, extremely unstealthy
A: retaliatory headbutt, horns 2
a: no special abilities


You were on level 3 of the Dungeon.
You were not hungry.

You visited 1 branch of the dungeon, and saw 3 of its levels.

You collected 119 gold pieces.

Inventory:

Hand Weapons
 a - a +0 war axe (weapon)
Missiles
 q - 21 sling bullets
Armour
 b - a +0 scale mail (worn)
 c - a +0 shield (worn)
Scrolls
 d - a scroll of random uselessness {unknown}
 e - a scroll of enchant weapon {unknown}
 g - 3 scrolls of identify {unknown}
 i - a scroll of teleportation {unknown}
 k - a scroll of recharging {unknown}
 l - a scroll of fog {unknown}
 r - a scroll of amnesia {unknown}
 u - a scroll of remove curse {unknown}
Potions
 j - a potion of berserk rage {unknown}
 m - a potion of degeneration {unknown}
 o - a potion of brilliance
 p - a potion of heal wounds {unknown}
 s - a potion of magic {unknown}
Comestibles
 f - 2 bread rations
 h - a slice of pizza
 t - 13 chunks of flesh


   Skills:
 * Level 4.4 Fighting
 * Level 3.4 Axes
 + Level 4.7 Armour
 + Level 2.7 Dodging
 - Level 0.3 Stealth
 + Level 5.2 Shields


You had 4 spell levels left.
You didn't know any spells.

Dungeon Overview and Level Annotations

Branches:
Dungeon (3/15)

Altars:

Annotations:
D:3 xeratul's ghost, amateur FoFi


Innate Abilities, Weirdness & Mutations

You reflexively headbutt those who attack you in melee.
You have a pair of horns on your head.


Message History

It was a potion of curing.
You feel better. Xeratul's ghost completely misses you.
You hit xeratul's ghost but do no damage.
Xeratul's ghost is severely damaged.
Xeratul's ghost hits you!
* * * LOW HITPOINT WARNING * * *
Drink which item? (? for menu, Esc to quit)
It was a potion of brilliance.
You feel clever all of a sudden. Xeratul's ghost hits you.
* * * LOW HITPOINT WARNING * * *
Drink which item? (? for menu, Esc to quit)
You feel better.
Xeratul's ghost hits you but does no damage.
You hit xeratul's ghost.
Xeratul's ghost is almost destroyed.
Xeratul's ghost hits you.
* * * LOW HITPOINT WARNING * * *
Xeratul's ghost hits you!
You die...

#.# #.#
#.# #.#
#.# #.#
#.#
...#####.#
.%.gwgW@.#
...#######


You could see xeratul's ghost, a dart slug, a hobgoblin and a goblin.

Vanquished Creatures
  Natasha (thrice) (D:2)
  4 gnolls
  5 adders
  3 worms (D:2)
  A dart slug (D:2)
  2 giant geckos (D:1)
  7 orcs (D:3)
  2 giant cockroaches (D:2)
  5 hobgoblins
  4 jackals (D:1)
  3 kobolds (D:1)
  A ball python (D:1)
  8 bats
  4 giant newts
  9 goblins
  3 rats
  3 bushes (D:2)
  A plant (D:2)
68 creatures vanquished.

Notes
Turn   | Place    | Note
--------------------------------------------------------------
     0 | D:1      | magog001 the Minotaur Fighter began the quest for the Orb.
     0 | D:1      | Reached XP level 1. HP: 19/19 MP: 0/0
   314 | D:1      | Reached skill level 4 in Shields
   314 | D:1      | Reached XP level 2. HP: 3/27 MP: 1/1
   879 | D:1      | Reached skill level 1 in Dodging
   938 | D:1      | Reached XP level 3. HP: 32/33 MP: 2/2
  1721 | D:2      | Reached XP level 4. HP: 40/40 MP: 3/3
  2005 | D:2      | Noticed Natasha
  2014 | D:2      | Killed Natasha
  2543 | D:2      | Noticed Natasha
  2558 | D:2      | Killed Natasha
  2558 | D:2      | Reached XP level 5. HP: 31/46 MP: 4/4
  2661 | D:2      | Reached skill level 5 in Shields
  3319 | D:2      | Noticed Natasha
  3329 | D:2      | Killed Natasha
  3682 | D:3      | Noticed xeratul's ghost (amateur FoFi)
  3698 | D:3      | Slain by xeratul's ghost

Skill      XL: |  1  2  3  4  5 |
---------------+----------------+-----
Armour         | 4 |  4.7
Shields        | 4 5 |  5.2
Dodging        | 1 2 |  2.7
Axes           | 3 |  3.4
Fighting       | 4 |  4.4
Stealth        | |  0.3

Action                   |  1- 3 |  4- 6 || total
-------------------------+-------+-------++-------
Melee: War axe           |   176 |   190 ||   366
       Headbutt          |    43 |    48 ||    91
  Use: Potion            |     1 |     3 ||     4
  Eat: Chunk             |     1 |     4 ||     5
       Meat ration       |     1 |       ||     1
Armor: Scale mail        |    52 |    43 ||    95
Dodge: Dodged            |    29 |    41 ||    70
Block: Shield            |    68 |    73 ||   141
